Map: King Sejong Station LE

Players

Deadzerg - Winner!

  • Race: Protoss Protoss
  • League: Grandmaster
  • Spawn Location: 11:00

Deadterran

  • Race: Zerg Zerg
  • League: Master
  • Spawn Location: 5:00

VOD

Have the link to the VOD?

Description

Time

  • Played on: Oct. 30, 2016, 6:51 p.m.
  • Length: 8:46
Show
View Real Time Build Order
Export as new Build Order

Deadzerg Protoss - Winner!

Build Orders: 1 Gate Expand, Zealot Archon, Dark Templar Rush 

Get SALT Encoding   

  12  0:01  Probe (Chrono Boost)  
  13  0:11  Probe (Chrono Boost)  
  14  0:19  Pylon  
  14  0:22  Probe (Chrono Boost)  
  15  0:37  Probe (Chrono Boost)  
  15  0:40  Gateway  
  16  0:47  Probe (Chrono Boost)  
  17  0:50  Assimilator  
  17  0:58  Probe (Chrono Boost)  
  18  1:08  Probe (Chrono Boost)  
  19  1:22  Nexus  
  19  1:25  Probe (Chrono Boost)  
  20  1:36  Cybernetics Core  
  20  1:38  Probe (Chrono Boost)  
  21  1:44  Assimilator  
  21  1:49  Probe (Chrono Boost)  
  22  1:56  Pylon  
  22  1:59  Probe (Chrono Boost)  
  23  2:12  Warp Gate  
  23  2:14  Probe  
  23  2:15  Adept (Chrono Boost)  
  26  2:24  Twilight Council  
  26  2:26  Probe (Chrono Boost)  
  27  2:34  Probe (Chrono Boost)  
  28  2:38  Zealot, Probe (Chrono Boost)  
  31  2:45  Probe (Chrono Boost)  
  31  2:49  Probe (Chrono Boost)  
  33  2:57  Probe (Chrono Boost)  
  34  3:00  Probe (Chrono Boost)  
  34  3:02  Dark Shrine  
  35  3:08  Probe (Chrono Boost)  
  35  3:11  Robotics Facility  
  36  3:15  Probe (Chrono Boost)  
  36  3:18  Probe (Chrono Boost)  
  38  3:28  Probe (Chrono Boost)  
  38  3:29  Probe (Chrono Boost)  
  40  3:38  Gateway  
  40  3:39  Probe x2 (Chrono Boost)  
  42  3:41  Gateway  
  42  3:42  Gateway  
  42  3:50  Assimilator  
  42  3:51  Assimilator  
  42  4:01  Mothership Core (Chrono Boost)  
  42  4:03  Warp Prism (Chrono Boost)  
  42  4:06  Probe  
  42  4:07  Pylon  
  42  4:08  Pylon  
  45  4:18  Probe  
  45  4:20  Pylon  
  45  4:23  Probe  
  46  4:25  Adept  
  46  4:30  Probe  
  50  4:34  Probe  
  50  4:36  Immortal (Chrono Boost)  
  55  4:42  Probe  
  56  4:53  Dark Templar x2  
  56  4:54  Dark Templar x2  
  56  4:57  Archon x2  
  64  5:09  Immortal (Chrono Boost)  
  64  5:11  Pylon  
  64  5:12  Pylon  
  68  5:21  Pylon  
  68  5:26  Sentry  
  70  5:30  Sentry  
  70  5:31  Zealot x2  
  70  5:34  Pylon  
  76  5:35  Charge (Chrono Boost)  
  76  5:45  Immortal  
  76  5:56  Gateway  
  80  5:57  Gateway  
  80  5:59  Gateway  
  80  6:00  Gateway  
  80  6:09  Zealot x2  
  80  6:10  Zealot  
  86  6:22  Zealot  
  86  6:23  Observer  
  89  6:32  Zealot  
  89  6:33  Zealot x2  
  95  6:50  Zealot  
  97  6:56  Dark Templar x2, Pylon  
  97  6:57  Pylon  
  97  6:59  Pylon  
  97  7:00  Pylon, Archon  
  101  7:15  Dark Templar x2  
  105  7:16  Dark Templar x2  
  105  7:17  Zealot x2  
  105  7:19  Archon x2  
  113  7:36  Probe  
  108  7:39  Zealot x4  
  102  7:47  Zealot x2  
  76  7:52  Zealot x2  
  80  8:02  Dark Templar x4  
  88  8:06  Archon x2  
  88  8:07  Zealot x2  
  92  8:13  Dark Templar x2  
  86  8:29  Archon  
  86  8:32  Zealot x2  
  84  8:36  Zealot  
  84  8:37  Zealot x3  
Show
View Real Time Build Order
Export as new Build Order

Deadterran Zerg 

Build Orders: Hatch First 

Get SALT Encoding   

  12  0:01  Drone  
  13  0:15  Overlord  
  13  0:17  Drone  
  14  0:33  Drone x2  
  16  0:37  Drone  
  17  0:55  Drone  
  18  0:58  Extractor  
  18  1:02  Drone  
  18  1:04  Hatchery  
  18  1:11  Drone  
  18  1:17  Spawning Pool  
  17  1:24  Drone  
  18  1:30  Drone  
  19  1:42  Overlord  
  19  2:04  Queen  
  19  2:05  Metabolic Boost  
  19  2:06  Zergling x4  
  23  2:14  Drone  
  24  2:16  Queen  
  24  2:18  Drone  
  27  2:24  Drone  
  27  2:27  Drone  
  29  2:36  Hatchery  
  28  2:38  Drone  
  28  2:41  Drone  
  30  2:50  Drone  
  31  2:51  Queen  
  31  2:53  Drone  
  34  2:59  Drone  
  34  3:00  Drone  
  36  3:07  Overlord  
  36  3:19  Spore Crawler  
  35  3:24  Spore Crawler  
  33  3:30  Drone x5  
  40  3:37  Drone  
  40  3:38  Drone  
  42  3:43  Overlord  
  42  3:46  Queen  
  44  3:49  Extractor  
  44  3:51  Drone x2, Roach Warren  
  44  3:52  Queen  
  44  3:53  Overlord  
  46  3:57  Drone  
  46  3:59  Drone x2  
  49  4:03  Drone x2  
  49  4:04  Drone  
  49  4:07  Drone  
  52  4:14  Drone x4  
  56  4:20  Overlord x2  
  56  4:23  Overlord  
  56  4:30  Spore Crawler  
  55  4:31  Spore Crawler  
  55  4:32  Drone  
  55  4:35  Spore Crawler, Roach  
  55  4:37  Roach  
  58  4:39  Roach  
  58  4:42  Roach  
  62  4:50  Roach  
  62  4:51  Roach x3  
  70  4:57  Queen  
  70  4:59  Drone x3  
  75  5:05  Drone x3  
  78  5:11  Drone x5  
  83  5:16  Extractor  
  83  5:18  Overlord x2  
  82  5:28  Overlord  
  82  5:29  Overlord x2  
  82  5:30  Baneling Nest  
  81  5:44  Queen  
  81  5:45  Zergling x18  
  92  5:51  Zergling x2  
  92  5:56  Queen  
  95  5:57  Roach x2  
  95  6:00  Ravager x4  
  103  6:04  Zergling x4  
  106  6:11  Zergling x4  
  104  6:21  Drone, Queen  
  104  6:22  Drone x2  
  104  6:24  Zergling x6  
  109  6:26  Baneling x2  
  109  6:27  Baneling x2  
  109  6:28  Baneling x2  
  109  6:29  Baneling x8  
  109  6:34  Zergling x12  
  109  6:38  Overlord  
  109  6:39  Overlord x2  
  115  6:45  Baneling x2, Zergling x4  
  115  6:46  Zergling x4, Queen  
  119  6:53  Overlord x3  
  121  6:56  Queen  
  121  6:58  Baneling x4  
  121  6:59  Baneling  
  121  7:00  Baneling x2  
  123  7:01  Baneling  
  123  7:05  Zergling x8  
  127  7:09  Baneling x3  
  127  7:15  Zergling x12  
  133  7:20  Ravager  
  134  7:24  Zergling x2  
  134  7:25  Zergling x4  
  126  7:42  Zergling x2  
  126  7:43  Zergling x18  
  103  7:48  Queen x3  
  103  7:49  Zergling x2  
  91  7:58  Baneling, Ravager  
  86  8:00  Zergling x6  
  86  8:01  Zergling x6  
  86  8:05  Baneling x8  
  92  8:06  Baneling x3, Zergling x4  
  92  8:11  Baneling x2  
  94  8:13  Zergling x2  
  95  8:26  Zergling x14  
Tags
 
Add a new tag
Caveats
  • Supply blocks, unpowered buildings, or Contaminate may cause inaccurate times.
  • Supply counts are checked every 10 seconds.